 Dungeon Crawl Stone Soup version 0.24-a0-309-g1095bca (webtiles) character file.

Game seed: 16279908486778014196

1922 nikopol the Thaumaturge (level 8, -5/43 HPs)
             Began as a Deep Elf Fire Elementalist on May 14, 2019.
             Was a Follower of Vehumet.
             Killed from afar by Pikel (28 damage)
             ... with a bolt of acid
             ... on level 7 of the Dungeon.
             The game lasted 00:20:11 (8615 turns).

nikopol the Thaumaturge (DEFE)                      Turns: 8615, Time: 00:20:12

Health: -5/43      AC:  4    Str:  5    XL:     8   Next: 96%
Magic:  13/23      EV: 14    Int: 23    God:    Vehumet [*.....]
Gold:   186        SH:  0    Dex: 15    Spells: 11/26 levels left

rFire    . . .     SeeInvis .   (no weapon)
rCold    . . .     Gourm    .   (no shield)
rNeg     . . .     Faith    .   a - +0 robe
rPois    .         Spirit   .   (no helmet)
rElec    .         Reflect  .   (no cloak)
rCorr    .         Harm     .   p - +0 pair of gloves
MR       .....                  d - +0 pair of boots
Stlth    +++.......             (no amulet)
HPRegen  0.14/turn              (no ring)
MPRegen  0.18/turn              (no ring)

@: no status effects
A: no striking features
a: Renounce Religion


You were on level 7 of the Dungeon.
You worshipped Vehumet.
Vehumet was aware of your devotion.
You were not hungry.

You visited 2 branches of the dungeon, and saw 8 of its levels.

You collected 291 gold pieces.
You spent 105 gold pieces at shops.

Inventory:

Armour
 a - a +0 robe (worn)
 d - a +0 pair of boots (worn)
 p - a +0 pair of gloves (worn)
Jewellery
 g - a cursed amulet of inaccuracy {unknown}
 A - an uncursed ring of positive energy {unknown}
Wands
 l - a wand of acid (5)
 x - a wand of flame (14)
Scrolls
 b - 3 scrolls of random uselessness {unknown}
 h - 2 scrolls of immolation {unknown}
 j - 2 scrolls of magic mapping {unknown}
 n - a scroll of fear {unknown}
 t - a scroll of blinking {unknown}
 v - 4 scrolls of remove curse {unknown}
 w - 3 scrolls of identify
 y - a scroll of teleportation
Potions
 e - a potion of agility
 f - a potion of berserk rage {unknown}
 i - 2 potions of curing
 k - a potion of lignification
 m - a potion of might
 o - a potion of flight {unknown}
 q - a potion of brilliance {unknown}
 r - 2 potions of ambrosia
 s - a potion of mutation {unknown}
 u - 3 potions of heal wounds
Comestibles
 c - 13 rations
 z - a chunk of flesh


   Skills:
 + Level 1.2 Fighting
 + Level 3.4 Dodging
 + Level 4.3 Stealth
 + Level 9.5 Spellcasting
 + Level 6.2 Conjurations
 + Level 7.6 Fire Magic


You had 11 spell levels left.
You knew the following spells:

 Your Spells              Type           Power        Failure   Level  Hunger
a - Flame Tongue          Conj/Fire      #####        1%          1    None
b - Throw Flame           Conj/Fire      #####.       1%          2    None
c - Conjure Flame         Conj/Fire      #####...     1%          3    None
d - Sticky Flame          Conj/Fire      #####...     3%          4    ##.....
e - Fireball              Conj/Fire      #####.....   10%         5    ####...

Your spell library contained the following spells:

 Spells                   Type           Power        Failure   Level  Hunger
 Sting                    Conj/Pois      ####         1%          1    None
 Inner Flame              Hex/Fire       ####....     3%          3    None
 Confusing Touch          Hex            ##....       6%          1    None
 Confuse                  Hex            ##......     19%         3    None
 Gell's Gravitas          Tloc           ##........   19%         3    None
 Petrify                  Tmut/Erth      ##......     52%         4    ##.....
 Metabolic Englaciation   Hex/Ice        ##........   86%         5    ####...
 Yara's Violent Unravell  Hex/Tmut       ##........   86%         5    ####...


Dungeon Overview and Level Annotations

Branches:
Dungeon (7/15)             Temple (1/1) D:5

Altars:
Ashenzari
Cheibriados
Dithmenos
Elyvilon
Fedhas
Gozag
Kikubaaqudgha
Makhleb
Okawaru
Qazlal
Ru
Sif Muna
Trog
Uskayaw
Vehumet
Xom
Yredelemnul
Zin
The Shining One

Shops:
D:5 %(   D:6 %}:**

Annotations:
D:7 Pikel


Message History

The flame tongue hits Pikel.
Pikel is heavily wounded.
Casting: Flame Tongue (safe; 1% risk of failure)
Confirm with . or Enter, or press ? or * to list all spells.
Aiming: Flame Tongue (safe; 1% risk of failure)
Press: ? - help, Shift-Dir - straight line, f/p - Pikel
Aim: Pikel, wielding a +2 whip of freezing, wearing a cursed +0 robe and carrying a wand of acid (13) (heavily wounded)
The flame tongue hits Pikel.
Pikel is heavily wounded.
A slave comes into view.
Casting: Flame Tongue (safe; 1% risk of failure)
Confirm with . or Enter, or press ? or * to list all spells.
Aiming: Flame Tongue (safe; 1% risk of failure)
Press: ? - help, Shift-Dir - straight line, f/p - Pikel
Aim: Pikel, wielding a +2 whip of freezing, wearing a cursed +0 robe and carrying a wand of acid (13) (heavily wounded)
The flame tongue misses Pikel.
The slave shouts!
You hear a shout!
Pikel zaps a wand.
The bolt of acid hits you!!
Ouch! That really hurt!
You die...

######## #@÷....#
# #§####.# #. #K#
#.# #.. #.####.#
#... #.#<...#
#.... #.######
#....h###p...#...
..)...h.†....(....
#.....######.#.#.#


You could see Pikel and a slave.

Vanquished Creatures
  A troll (D:4)
  A hippogriff (D:7)
  An orc warrior (D:5)
  4 ogres
  A centaur (D:7)
  A bullfrog (D:5)
  4 howler monkeys
  A jelly (D:6)
  2 hounds (D:4)
  2 bullfrog skeletons
  2 orc priests (D:6)
  An iguana (D:6)
  4 orc wizards
  7 worker ants
  A worker ant zombie (D:5)
  9 adders
  6 gnolls
  A shadow imp (D:5)
  2 oozes
  A worm (D:5)
  3 dart slugs
  4 leopard geckos
  21 orcs
  8 bats
  5 giant cockroaches
  11 hobgoblins
  13 jackals
  3 quokkas
  5 frilled lizards
  11 goblins
  14 kobolds
  4 leopard gecko skeletons
  A quokka skeleton (D:6)
  4 rats
159 creatures vanquished.

Notes
Turn   | Place    | Note
-------+----------+-------------------------------------------
     0 | D:1      | nikopol the Deep Elf Fire Elementalist began the quest for
                  | the Orb.
     0 | D:1      | Reached XP level 1. HP: 10/10 MP: 6/6
   304 | D:1      | Reached XP level 2. HP: 13/15 MP: 0/8
   784 | D:1      | Reached XP level 3. HP: 18/19 MP: 3/10
  2286 | D:2      | Found a shattered altar of Ashenzari.
  2731 | D:3      | Reached XP level 4. HP: 24/24 MP: 8/11
  2809 | D:3      | Reached skill level 4 in Spellcasting
  2978 | D:3      | Learned a level 2 spell: Throw Flame
  2985 | D:3      | Learned a level 3 spell: Conjure Flame
  2990 | D:3      | Learned a level 4 spell: Sticky Flame
  3558 | D:3      | Reached XP level 5. HP: 28/28 MP: 5/13
  4290 | D:4      | Noticed a troll
  4301 | D:4      | Killed a troll
  4301 | D:4      | Reached skill level 5 in Spellcasting
  4301 | D:4      | Reached skill level 5 in Fire Magic
  4301 | D:4      | Reached XP level 6. HP: 33/33 MP: 3/16
  4935 | D:4      | Reached skill level 1 in Fighting
  5021 | D:4      | Learned a level 5 spell: Fireball
  5178 | D:4      | Reached skill level 6 in Spellcasting
  5178 | D:4      | Reached XP level 7. HP: 38/38 MP: 10/18
  5317 | D:5      | Entered Level 5 of the Dungeon
  5317 | D:5      | Found a staircase to the Ecumenical Temple.
  5324 | Temple   | Entered the Ecumenical Temple
  5418 | Temple   | Became a worshipper of Vehumet
  5584 | D:5      | Found Oninkogi's Food Shop.
  5669 | D:5      | Found Tuanymu's Antique Weapon Emporium.
  6007 | D:5      | Reached skill level 7 in Spellcasting
  6612 | D:5      | Reached XP level 8. HP: 39/43 MP: 14/21
  6685 | D:5      | Reached * piety under Vehumet
  6685 | D:5      | Offered knowledge of Sting by Vehumet.
  6696 | D:5      | Identified the cursed +1 dagger of Kotao {drain, rN+ Str-3
                  | SInv}
  7009 | D:5      | Reached skill level 5 in Conjurations
  7110 | D:6      | Found Coseuzy's Food Shop.
  7666 | D:6      | Reached skill level 8 in Spellcasting
  8020 | D:6      | Found Xial's Assorted Antiques.
  8024 | D:6      | Found Gupusiss's Gadget Shop.
  8027 | D:6      | Bought a potion of heal wounds for 105 gold pieces
  8029 | D:6      | Found Ipuasoudgh's Book Shop.
  8191 | D:6      | Found Wuteabimyk's Assorted Antiques.
  8402 | D:7      | Reached skill level 9 in Spellcasting
  8439 | D:7      | Noticed a hippogriff
  8462 | D:7      | HP: 2/43 [hippogriff (6)]
  8464 | D:7      | Killed a hippogriff
  8606 | D:7      | Noticed Pikel
  8615 | D:7      | Killed from afar by Pikel

Levels and vault maps discovered:
D:1:      matt_arrival_diagonals, layout_basic
D:2:      layout_basic, lemuel_coloured_pillars_altar
D:3:      layout_loops_corners
D:4:      layout_basic, cheibrodos_gnoll_hut
D:5:      corexii_shantytown, layout_basic, minmay_temple_entry_stoned_glass,
          serial_shops, shop_statue, shop, first_ration,
          chequers_serial_rivers_micro_e
D:6:      layout_loops_ring, serial_shops,
          nicolae_shop_temple_entry_statues_fountains, kennysheep_little_box,
          shop, shop_fountains, shop
D:7:      layout_basic, uniq_pikel
Temple:   kilobyte_greek_temple

Skill      XL: |  1  2  3  4  5  6  7  8 |
---------------+-------------------------+-----
Fire Magic     | 4 5 6 7 |  7.6
Stealth        | 3 4 |  4.3
Spellcasting   | 4 5 6 7 9 |  9.5
Conjurations   | 2 3 4 6 |  6.2
Dodging        | 3 |  3.4
Fighting       | 1 |  1.2

Action                   |  1- 3 |  4- 6 |  7- 9 || total
-------------------------+-------+-------+-------++-------
Melee: Unarmed           |       |     1 |       ||     1
 Cast: Flame Tongue      |    87 |   122 |   155 ||   364
       Conjure Flame     |       |     3 |     3 ||     6
       Throw Flame       |       |     2 |     2 ||     4
       Sticky Flame      |       |     4 |    20 ||    24
       Fireball          |       |       |     3 ||     3
  Use: Scroll            |       |     3 |     5 ||     8
       Potion            |       |     2 |       ||     2
  Eat: Chunk             |     4 |     9 |    10 ||    23
       Ration            |       |       |     1 ||     1
Armor: Robe              |    15 |     8 |    11 ||    34
       Skin              |       |     3 |       ||     3
Dodge: Dodged            |    40 |    40 |    54 ||   134

Table legend:
 A = Non-vault XP
 B = Vault XP
 C = Vault XP percentage of total XP
 D = Non-vault monster count
 E = Vault monster count
 F = Vault count percentage of total count
                 A         B        C        D         E       F
            +---------+---------+-------+---------+---------+-------
      Total |    2570 |     177 |   6.4 |     129 |      30 |  18.9
            +---------+---------+-------+---------+---------+-------
        D:1 |      52 |       0 |   0.0 |      27 |       0 |   0.0
        D:2 |      16 |       0 |   0.0 |       6 |       0 |   0.0
        D:3 |     153 |       0 |   0.0 |      31 |       0 |   0.0
        D:4 |     552 |      96 |  14.8 |      21 |       3 |  12.5
        D:5 |     553 |      81 |  12.8 |      20 |      27 |  57.4
        D:6 |     692 |       0 |   0.0 |      18 |       0 |   0.0
        D:7 |     552 |       0 |   0.0 |       6 |       0 |   0.0
            +---------+---------+-------+---------+---------+-------
